 Dungeon Crawl Stone Soup version 0.21-a0-437-ge5bf024 (webtiles) character file.

0 Beatriz the Skirmisher (level 1, -4/18 HPs)
             Began as a Demonspawn Abyssal Knight on Nov 10, 2017.
             Was a Follower of Lugonu.
             Slain by a large abomination (22 damage)
             ... on level 3 of the Abyss.
             The game lasted 00:00:53 (159 turns).

Beatriz the Skirmisher (Demonspawn Abyssal Knight)   Turns: 159, Time: 00:00:54

Health: -4/18      AC:  3    Str: 12    XL:     1   Next: 0%
Magic:  2/2        EV: 11    Int: 13    God:    Lugonu [*.....]
Gold:   43         SH:  0    Dex: 12    Spells: 0/0 levels left

rFire    . . .     SeeInvis .   a - +1 hand axe
rCold    . . .     Gourm    .   (no shield)
rNeg     . . .     Faith    .   b - +0 leather armour
rPois    .         Spirit   .   (no helmet)
rElec    .         Reflect  .   (no cloak)
rCorr    .         Harm     .   (no gloves)
MR       .....                  (no boots)
Stlth    +.........             (no amulet)
HPRegen  0.06/turn              (no ring)
MPRegen  0.08/turn              (no ring)

@: no status effects
A: no striking features
a: Depart the Abyss, Renounce Religion


You were on level 3 of the Abyss.
You worshipped Lugonu.
Lugonu was aware of your devotion.
You were not hungry.

You visited 0 branches of the dungeon, and saw 0 of its levels.
You visited the Abyss 1 time.

You collected 43 gold pieces.

Inventory:

Hand Weapons
 a - a +1 hand axe (weapon)
Armour
 b - a +0 leather armour (worn)
 e - a +1 helmet
Scrolls
 d - a scroll of identify {unknown}
Comestibles
 c - a bread ration


   Skills:
 + Level 3.0 Fighting
 + Level 1.7 Axes
 + Level 1.7 Armour
 + Level 0.8 Dodging
 + Level 2.4 Invocations


You couldn't memorise any spells.
You didn't know any spells.

Dungeon Overview and Level Annotations

Branches:
Dungeon (0/15)

Altars:


Message History

A starcursed mass comes into view.
Found a scroll of remove curse.
Found a shiny helmet.
Found a leather armour and a worn copper wand.
You see here a shiny helmet.
e - a shiny helmet A wretched star comes into view.
You see here a leather armour.
A large abomination comes into view.
The large abomination hits you but does no damage.
A tentacle flies out from the starspawn's body!
A starspawn tentacle comes into view.
Found 3 tomahawks.
A hell knight comes into view. It is wielding a demon whip of flaming.
The hell knight shouts!
A large abomination comes into view.
You hit the large abomination but do no damage. x2
The large abomination misses you. The large abomination hits you!!
Ouch! That really hurt!
You die...

....# .. . . ...#
..# §#. ## ..#...
..#.# # #. #..#...
#.# #.. #..X##...#
# .( ##@...# . .#
###X.#.#....
w§.#.##.##....#..#
#
.X.#.#..#p.....#...
#... #.##.........
#..X.# ##.##......
# .
##...§.###..#..# .
#..##.##. .# #..#.#
.#.........###
#....


You could see a tentacled starspawn, a hell knight and 2 large abominations.

Vanquished Creatures (others)
  2 starspawn tentacles (Abyss:3)
2 creatures vanquished.

Notes
Turn   | Place    | Note
-------+----------+-------------------------------------------
     0 | Abyss:1  | Beatriz the Demonspawn Abyssal Knight began the quest for the Orb.
     0 | Abyss:1  | Reached XP level 1. HP: 18/18 MP: 2/2
    72 | Abyss:1  | Noticed a spatial maelstrom
    72 | Abyss:1  | Noticed a spatial vortex
    73 | Abyss:1  | Noticed a spatial vortex
    73 | Abyss:1  | Noticed a spatial vortex
    73 | Abyss:1  | Noticed a spatial vortex
    73 | Abyss:1  | Noticed a spatial vortex
    73 | Abyss:1  | Noticed a spatial vortex
    75 | Abyss:1  | Noticed a spatial vortex
    75 | Abyss:1  | Noticed a spatial vortex
    76 | Abyss:1  | Noticed a spatial vortex
   121 | Abyss:3  | Noticed a small abomination
   125 | Abyss:3  | Noticed a starcursed mass
   145 | Abyss:3  | Noticed a wretched star
   147 | Abyss:3  | Noticed a large abomination
   151 | Abyss:3  | Noticed a tentacled starspawn
   157 | Abyss:3  | Noticed a hell knight
   158 | Abyss:3  | Noticed a large abomination
   159 | Abyss:3  | Slain by a large abomination

Vault maps used:
Abyss:2:  due_exit_kobolds

Action                   || total
-------------------------++-------
Melee: Hand axe          ||     1
  Use: Scroll            ||     1
Armor: Leather armour    ||     1
Dodge: Dodged            ||     1

Table legend:
 A = Spawn XP
 B = Non-spawn XP
 C = Spawn XP percentage of total XP
 D = Spawn monster count
 E = Non-spawn monster count
 F = Spawn count percentage of total count
 G = Total turns spent on level
                    A         B        C        D         E        F      G
               +---------+---------+-------+---------+---------+-------+---------
         Total |       0 |       0 |   N/A |       0 |       0 |   N/A |   159
               +---------+---------+-------+---------+---------+-------+---------
               +---------+---------+-------+---------+---------+-------+---------
